 Dungeon Crawl Stone Soup version 0.30.0-10-gfe55d96785 (webtiles) character file.

Game seed: 15145007029536204285

11 xSliceyx the Trooper (level 2, 22/24 HPs)
             Began as a Demonspawn Fighter on May 14, 2023.
             Quit the game on level 1 of the Dungeon.
             The game lasted 00:01:33 (304 turns).

xSliceyx the Trooper (Demonspawn Fighter)            Turns: 304, Time: 00:01:33

Health: 22/24      AC:  6    Str: 16    XL:     2   Next: 17%
Magic:  2/2        EV:  8    Int:  9    God:
Gold:   42         SH:  4    Dex: 12    Spells: 1/1 levels left

rFire   . . .        a - +0 trident
rCold   . . .        c - +0 buckler
rNeg    . . .        b - +0 scale mail
rPois   .            (no helmet)
rElec   .            (no cloak)
rCorr   .            (no gloves)
SInv    .            (no boots)
Will    .....        (no amulet) Stlth
                     (no ring)
HPRegen 0.24/turn    (no ring)
MPRegen 0.08/turn

%: no passive effects
@: no status effects
A: demonic touch 1
a: no special abilities


You were on level 1 of the Dungeon.
You visited 1 branch of the dungeon, and saw 1 of its levels.

You collected 42 gold pieces.

Inventory:

Hand Weapons
 a - a +0 trident (weapon)
Armour
 b - a +0 scale mail (worn)
 c - a +0 buckler (worn)
Scrolls
 e - a scroll of poison {unknown}
 f - a scroll of identify {unknown}
 h - a scroll of magic mapping {unknown}
Potions
 d - a potion of might
 g - 3 potions of curing {unknown}
 i - 2 potions of heal wounds {unknown}


   Skills:
 - Level 3.0 Fighting
 - Level 1.7 Polearms
 + Level 3.0 Armour
 + Level 3.0 Shields


You had one spell level left.
You didn't know any spells.
Your spell library was empty.

Dungeon Overview and Level Annotations

Branches:
Dungeon (1/15)

Altars:


Innate Abilities, Weirdness & Mutations

Your touch may inflict minor irresistible damage on your foes.


Message History

Your demonic ancestry asserts itself...
Your hands begin to faintly glow with unholy energy.
No target in view!
Found 6 stones.
A ball python comes into view.
The ball python hisses angrily.
A ball python is nearby!
A ball python is nearby!
The ball python completely misses you. The ball python barely misses you.
You barely miss the ball python. The ball python closely misses you.
The ball python barely misses you.
You closely miss the ball python. The ball python barely misses you.
The ball python grabs you. The ball python constricts you.
The ball python bites you. The ball python constricts you.
You barely miss the ball python. The ball python barely misses you.
The ball python constricts you.
You hit the ball python.
You kill the ball python!
No target in view!
i - 2 orange potions A hobgoblin comes into view.
A hobgoblin is nearby!
A hobgoblin is nearby!
There is a faded altar of an unknown god here.
A frilled lizard comes into view.
The frilled lizard hisses angrily.
You reach to attack!
You barely miss the hobgoblin.
The hobgoblin hits you but does no damage.
You puncture the hobgoblin!
You kill the hobgoblin!
You closely miss the frilled lizard. The frilled lizard closely misses you.
You hit the frilled lizard but do no damage.
The frilled lizard bites you.
You closely miss the frilled lizard.
The frilled lizard bites you but does no damage.
The frilled lizard bites you.
You puncture the frilled lizard!
You kill the frilled lizard!
No target in view!
Are you sure you want to abandon this character and quit the game? (Confirm with "yes".)

###......#########...
...#....................
..........#.##...#...)##
......>.....#..........#
........................
........................
........................
.......8.8.............#
......8@8.8.##...##...##
...#...8_8..###########
#..8.8.8.# #...8.8..#
#........# #.....####
#######


There were no monsters in sight!

Vanquished Creatures
  2 dart slugs (D:1)
  A ball python (D:1)
  A hobgoblin (D:1)
  A bat (D:1)
  A frilled lizard (D:1)
  A kobold (D:1)
  2 rats (D:1)
9 creatures vanquished.

Notes
Turn   | Place    | Note
-------+----------+-------------------------------------------
     0 | D:1      | xSliceyx the Demonspawn Fighter began the quest for the
                  | Orb.
     0 | D:1      | Reached XP level 1. HP: 18/18 MP: 1/1
    88 | D:1      | Found a faded altar of an unknown god.
   217 | D:1      | Discovered your monstrous ancestry.
   217 | D:1      | Gained mutation: Your touch may inflict minor irresistible
                  | damage on your foes. [demonic ancestry]
   217 | D:1      | Reached XP level 2. HP: 24/24 MP: 2/2
   304 | D:1      | Quit the game

Illustrated notes

Levels and vault maps discovered:
D:1:      ldierk_walled_garden_2, layout_rooms,
          chequers_ecumenical_altar_simple_redux

Skill      XL: |  1 |
---------------+----+-----
Armour         | 3 |  3.0
Shields        | 3 |  3.0
Fighting       | |  3.0
Polearms       | |  1.7

Action                     || total
---------------------------++-------
  Melee: Trident           ||    32
 Armour: Scale mail        ||    10
  Dodge: Dodged            ||    10
  Block: Buckler           ||     5
